 Dungeon Crawl Stone Soup version 0.21-a0-210-gbfa5647 (webtiles) character file.

2548 Gorglomux the Cleaver (level 9, -12/81 HPs)
             Began as a Hill Orc Abyssal Knight on Aug 21, 2017.
             Was a Priest of Lugonu.
             Mangled by a hornet (13 damage)
             ... on level 8 of the Dungeon.
             The game lasted 00:17:46 (9672 turns).

Gorglomux the Cleaver (Hill Orc Abyssal Knight)     Turns: 9672, Time: 00:17:48

Health: -12/81     AC:  6    Str: 18    XL:     9   Next: 56%
Magic:  14/14      EV: 11    Int: 12    God:    Lugonu [***...]
Gold:   327        SH:  0    Dex: 10    Spells: 8/8 levels left

rFire    . . .     SeeInvis .   a - +1 whip (venom)
rCold    . . .     Gourm    .   (no shield)
rNeg     . . .     Faith    .   l - +0 leather armour
rPois    .         Spirit   .   T - +0 helmet
rElec    .         Reflect  .   X - +0 cloak
rCorr    .         Harm     .   (no gloves)
MR       .....                  (no boots)
Stlth    +.........             (no amulet)
HPRegen  0.23/turn              (no ring)
MPRegen  0.14/turn              (no ring)

@: slowed, very slow
A: no striking features
a: Depart the Abyss, Bend Space, Banish, Renounce Religion


You were on level 8 of the Dungeon.
You worshipped Lugonu.
Lugonu was most pleased with you.
You were not hungry.

You visited 1 branch of the dungeon, and saw 8 of its levels.
You visited the Abyss 1 time.

You collected 327 gold pieces.

Inventory:

Hand Weapons
 a - a +1 whip of venom (weapon)
 b - a +0 war axe
 P - a +1 hand axe
Missiles
 i - 4 javelins (quivered)
Armour
 l - a +0 leather armour (worn)
 T - a +0 helmet (worn)
 X - a +0 cloak (worn)
Jewellery
 S - an uncursed amulet of the gourmand {unknown}
Wands
 E - a wand of enslavement (13/24)
Scrolls
 m - a scroll of random uselessness {unknown}
 B - a scroll of blinking
 H - 2 scrolls of recharging {unknown}
 J - 2 scrolls of enchant armour {unknown}
 K - a scroll of amnesia {unknown}
 L - a scroll of immolation {unknown}
 M - 2 scrolls of magic mapping
 N - 2 scrolls of remove curse
 R - 6 scrolls of identify
 V - a scroll of enchant weapon {unknown}
 W - 2 scrolls of fog {unknown}
 Y - a scroll of teleportation {unknown}
Potions
 C - 2 potions of brilliance {unknown}
 F - a potion of mutation {unknown}
 G - a potion of degeneration {unknown}
 I - 2 potions of agility
 O - 2 potions of haste
 Q - a potion of curing
 U - 2 potions of flight
Comestibles
 c - 6 bread rations
 f - 2 fruits
 z - a meat ration
 D - 2 royal jellies
 Z - a chunk of flesh


   Skills:
 - Level 8.2 Fighting
 + Level 10.9 Axes
 + Level 6.2 Armour
 - Level 0.7 Dodging
 + Level 7.1 Invocations


You had 8 spell levels left.
You didn't know any spells.

Dungeon Overview and Level Annotations

Branches:
Dungeon (8/15)             Temple (0/1) D:4
   Lair: D:8-11

Altars:
Ashenzari
Dithmenos
Elyvilon
Gozag
Nemelex Xobeh
Okawaru
Sif Muna
Trog
Uskayaw
Wu Jian
Yredelemnul
Zin
The Shining One

Shops:
D:5 [

Annotations:
D:3 Gorglomux's ghost, amateur HOAK


Message History

The hornet butts you!!! * * * don't die
* * * You feel as though you will be slow longer!
You can move butt!
You feel better! The centaur zombie closely misses you!
The hornet stings you but does no damage!
The scorpion barely misses butt!
The centaur zombie hits you but does no butt!
The hornet butts you!!! * * * don't die
* * * You feel as though you will be slow longer!
The scorpion stings you! * * * don't die
* * * You feel much better!
The hornet stings you!!! * * * don't die
* * * You feel as though you will be slow longer!
The centaur zombie hits you! * * * don't die
* * * The hornet stings you!!! rip

...........# ###.####.#....
..........## ##.# #......
..........# #..# #.....#
...#.......######..####.....#
...#........#........###....#
..........#####.........
##.....### ##....... ####..#
.....## #.@# .....# #.Zys#
#......# ..#.......
#..##........ ### #..#...#..#
#.. #..##.. #.. .## #.


You could see a hornet, a scorpion and a centaur zombie.

Vanquished Creatures
  A spriggan (D:7)
  A hungry ghost (D:7)
  Duvessa (D:7)
  2 sky beasts (D:7)
  7 ogres
  A centaur (D:7)
  A big kobold (D:7)
  A bullfrog (D:6)
  Dowan (D:7)
  4 killer bees (D:7)
  A howler monkey (D:6)
  A bullfrog zombie (D:7)
  A centaur zombie (D:5)
  4 crimson imps
  3 hounds
  5 orc wizards
  2 orc priests
  A bullfrog skeleton (D:7)
  A jelly (D:5)
  A centaur skeleton (D:6)
  3 worker ants
  The ghost of p0werm0de the Gusty, a weakling DsAE (D:4)
  A hound zombie (D:7)
  A hound skeleton (D:4)
  A worker ant zombie (D:6)
  A howler monkey skeleton (D:6)
  5 adders
  4 gnolls
  2 oozes
  An adder zombie (D:6)
  An adder skeleton (D:5)
  A worm (D:3)
  3 dart slugs
  4 leopard geckos
  22 orcs
  4 giant cockroaches
  9 goblins
  6 hobgoblins
  4 jackals (D:2)
  4 quokkas
  2 ball pythons
  8 bats
  5 frilled lizards
  3 hobgoblin zombies (D:6)
  11 kobolds
  2 kobold zombies (D:6)
  2 leopard gecko skeletons (D:4)
  3 orc zombies (D:6)
  A quokka skeleton (D:4)
  A quokka zombie (D:7)
  8 rats
164 creatures vanquished.

Notes
Turn   | Place    | Note
-------+----------+-------------------------------------------
     0 | Abyss:1  | Gorglomux the Hill Orc Abyssal Knight began the quest for the Orb.
     0 | Abyss:1  | Reached XP level 1. HP: 19/19 MP: 2/2
    44 | Abyss:1  | Found a corrupted altar of Lugonu.
    56 | Abyss:1  | Noticed a small abomination
    59 | D:1      | Escaped the Abyss
   282 | D:1      | Reached skill level 3 in Axes
   309 | D:1      | Reached XP level 2. HP: 23/27 MP: 3/3
   551 | D:1      | Reached * piety under Lugonu
  1011 | D:1      | Reached XP level 3. HP: 17/33 MP: 4/4
  1488 | D:2      | Reached skill level 4 in Axes
  1518 | D:2      | Found a bloodstained altar of Trog.
  1518 | D:2      | Found an iron altar of Okawaru.
  2028 | D:3      | Noticed Gorglomux's ghost (amateur HOAK)
  2448 | D:3      | Found an opulent altar of Gozag.
  2448 | D:3      | Found a glowing silver altar of Zin.
  2572 | D:3      | Found a sparkling altar of Nemelex Xobeh.
  2664 | D:3      | Reached XP level 4. HP: 36/41 MP: 5/5
  3036 | D:3      | Found an ornate altar of the Wu Jian Council.
  3265 | D:3      | Found a shattered altar of Ashenzari.
  3505 | D:4      | Reached skill level 5 in Axes
  3505 | D:4      | Reached XP level 5. HP: 43/48 MP: 6/6
  3509 | D:4      | Noticed an ogre
  4367 | D:4      | Reached skill level 6 in Fighting
  4378 | D:4      | Reached XP level 6. HP: 34/57 MP: 7/7
  4521 | D:4      | Reached skill level 6 in Axes
  4681 | D:4      | Found a glowing golden altar of the Shining One.
  4764 | D:4      | Reached ** piety under Lugonu
  4764 | D:4      | Reached skill level 7 in Axes
  4764 | D:4      | Reached XP level 7. HP: 23/66 MP: 8/8
  5208 | D:4      | Found a staircase to the Ecumenical Temple.
  5359 | D:4      | Found a basalt altar of Yredelemnul.
  5386 | D:4      | Noticed p0werm0de's ghost (weakling DsAE)
  5399 | D:4      | Killed p0werm0de's ghost
  5494 | D:4      | Found a white marble altar of Elyvilon.
  5565 | D:5      | Entered Level 5 of the Dungeon
  5884 | D:5      | Reached skill level 8 in Axes
  6257 | D:5      | Reached XP level 8. HP: 63/74 MP: 9/9
  6349 | D:5      | Found Siylakuh's Armour Emporium.
  6358 | D:5      | Reached skill level 3 in Invocations
  6661 | D:6      | Noticed a dagger
  6662 | D:6      | Noticed a hand axe
  6663 | D:6      | Found a hide-covered altar of Uskayaw.
  6695 | D:6      | Found a deep blue altar of Sif Muna.
  6749 | D:6      | Reached skill level 9 in Axes
  6749 | D:6      | Reached skill level 3 in Armour
  6769 | D:6      | Found a glowing golden altar of the Shining One.
  7329 | D:6      | Reached *** piety under Lugonu
  7335 | D:6      | Found a shadowy altar of Dithmenos.
  7725 | D:7      | Noticed a spriggan baker
  7735 | D:7      | Killed a spriggan baker
  8291 | D:7      | Reached skill level 10 in Axes
  8291 | D:7      | Reached XP level 9. HP: 37/81 MP: 11/13
  8298 | D:7      | HP: 6/121 [hungry ghost (3)]
  8304 | D:7      | HP: 6/121 [hungry ghost (1)]
  8307 | D:7      | Reached skill level 6 in Invocations
  8310 | D:7      | HP: 3/121 [poisoned by a killer bee]
  8314 | D:7      | HP: 1/81 [poisoned by a killer bee]
  8322 | D:7      | HP: 1/81 [poisoned by a killer bee]
  9044 | D:7      | Noticed Dowan
  9045 | D:7      | Noticed Duvessa
  9068 | D:7      | Killed Duvessa
  9209 | D:7      | Killed Dowan
  9209 | D:7      | Reached skill level 6 in Armour
  9661 | D:8      | Noticed a hornet
  9666 | D:8      | Paralysed by a hornet for 3 turns
  9670 | D:8      | Paralysed by a hornet for 1 turns
  9670 | D:8      | HP: 4/81 [hornet (11)]
  9671 | D:8      | HP: 1/81 [scorpion (4)]
  9672 | D:8      | Mangled by a hornet

Vault maps used:
D:1:      evilmike_arrival_hilbert_curve, serial_bayou_ford_a
D:2:      gammafunk_temple_overflow_statue, first_bread, feat_on_display
D:3:      grunt_temple_overflow_gold_and_silver, lemuel_doored_altar,
          nicolae_overflow_crystal_walls, evilmike_ruin_ashenzari,
          hangedman_decor_growths, minmay_misc_feat_plants
D:4:      kennysheep_ying_yang, lemuel_crystal_altar, minmay_temple_entry_mist
D:5:      serial_shops, shop
D:6:      dancing_weapons_uskayaw, lemuel_coloured_pillars_altar,
          kennysheep_mini, corner_web_ring, nicolae_tso_besieged_by_evil
D:7:      the_bakery, kennysheep_small_square, uniq_duvessa
D:8:      erik_lair_orcish_takeover, serial_shops, shop

Skill      XL: |  1  2  3  4  5  6  7  8  9 |
---------------+----------------------------+-----
Axes           | 3 4 5 7 8 10 | 10.9
Fighting       | 4 5 6 7 8 |  8.2
Invocations    | 5 7 |  7.1
Armour         | 5 6 |  6.2
Dodging        | |  0.7

Action                   |  1- 3 |  4- 6 |  7- 9 || total
-------------------------+-------+-------+-------++-------
Melee: Hand axe          |   187 |    96 |       ||   283
       Whip              |       |    40 |   365 ||   405
       War axe           |       |       |    35 ||    35
Throw: Javelin           |     1 |     1 |       ||     2
Invok: Depart the Abyss  |     1 |       |       ||     1
  Use: Scroll            |     2 |       |     7 ||     9
       Potion            |       |       |     5 ||     5
 Stab: Sleeping          |     1 |       |       ||     1
  Eat: Chunk             |     5 |     5 |    14 ||    24
       Fruit             |       |     3 |     4 ||     7
       Meat ration       |       |       |     2 ||     2
Armor: Leather armour    |    59 |    25 |   107 ||   191
       Skin              |       |       |   141 ||   141
Dodge: Dodged            |   119 |    95 |   202 ||   416

Table legend:
 A = Spawn XP
 B = Non-spawn XP
 C = Spawn XP percentage of total XP
 D = Spawn monster count
 E = Non-spawn monster count
 F = Spawn count percentage of total count
 G = Total turns spent on level
                    A         B        C        D         E        F      G
               +---------+---------+-------+---------+---------+-------+---------
         Total |     643 |    2997 |  17.7 |      25 |     139 |  15.2 |  9672
               +---------+---------+-------+---------+---------+-------+---------
           D:1 |       5 |      30 |  14.3 |       4 |      17 |  19.0 |  1165
           D:2 |      16 |      21 |  43.2 |       6 |      12 |  33.3 |  1352
           D:3 |       1 |      89 |   1.1 |       1 |      20 |   4.8 |  1598
           D:4 |      43 |     659 |   6.1 |       5 |      26 |  16.1 |  1391
           D:5 |     118 |     375 |  23.9 |       1 |      13 |   7.1 |  1041
           D:6 |       6 |     458 |   1.3 |       1 |      26 |   3.7 |  1317
           D:7 |     454 |    1322 |  25.6 |       7 |      24 |  22.6 |  1635
           D:8 |       0 |      43 |   0.0 |       0 |       1 |   0.0 |   114
               +---------+---------+-------+---------+---------+-------+---------
